 Dungeon Crawl Stone Soup version 0.30.1-9-gdf580d7c3d (webtiles) character file.

Game seed: 1028347444235680424

80 lonewolfV2 the Shield-Bearer (level 4, -5/37 HPs)
             Began as a Formicid Fighter on Sept 27, 2023.
             Killed by divine providence
             ... invoked by an orc priest
              (15 damage)
             ... on level 3 of the Dungeon.
             The game lasted 00:02:05 (1343 turns).

lonewolfV2 the Shield-Bearer (Formicid Fighter)     Turns: 1343, Time: 00:02:06

Health: -5/37      AC:  5    Str: 24    XL:     4   Next: 65%
Magic:  4/4        EV: 10    Int:  7    God:
Gold:   83         SH:  5    Dex: 15    Spells: 3/3 levels left

rFire   . . .        a - +1 war axe
rCold   . . .        c - +0 buckler
rNeg    . . .        i - +0 ring mail of Insurance {Regen+ Str+3}
rPois   .            (helmet unavailable)
rElec   .            (no cloak)
rCorr   +            (no gloves)
SInv    +            (no boots)
Will    .....        (no amulet)
Stlth   +            j - ring of resist corrosion
HPRegen 1.06/turn    (no ring)
MPRegen 0.09/turn

%: no passive effects
@: no status effects
A: permanent stasis, dig shafts and tunnels, antennae 3, four strong arms
a: Dig, Shaft Self


You were on level 3 of the Dungeon.
You visited 1 branch of the dungeon, and saw 3 of its levels.

You collected 83 gold pieces.

Inventory:

Hand Weapons
 a - a +1 war axe (weapon)
Armour
 b - a +0 scale mail
 c - a +0 buckler (worn)
 i - the +0 ring mail of Insurance (worn) {Regen+ Str+3}
   (You took it off a hobgoblin on level 2 of the Dungeon)

   Str:       It affects your strength (+3).
   Regen:     It increases your rate of health regeneration.
Jewellery
 e - a ring of magical power
 j - a ring of resist corrosion (left hand)
Scrolls
 n - a scroll of enchant weapon
 p - a scroll of fear {unknown}
 q - a scroll of amnesia {unknown}
Potions
 d - a potion of might
 f - a potion of curing {unknown}
 g - 2 potions of haste
 h - 2 potions of ambrosia
 k - a potion of flight {unknown}
 l - a potion of brilliance {unknown}
 m - a potion of heal wounds {unknown}
 o - a potion of mutation {unknown}


   Skills:
 + Level 3.6 Fighting
 + Level 2.6 Axes
 + Level 4.0 Armour
 + Level 1.0 Dodging
 + Level 4.8 Shields


You had 3 spell levels left.
You didn't know any spells.
Your spell library was empty.

Dungeon Overview and Level Annotations

Branches:
Dungeon (2/15)

Altars:

Shops:
D:1 =


Innate Abilities, Weirdness & Mutations

You cannot be hasted, slowed, berserked, paralysed or teleported.
You can dig through walls and to a lower floor.
You have a pair of large antennae on your head. (SInv)
Your four strong arms can wield two-handed weapons with a shield.


Message History

You closely miss the orc.
The orc is severely wounded.
The orc priest looks satisfied for a moment.
The orc hits you but does no damage.
You barely miss the orc.
The orc is severely wounded.
You feel less invigorated.
You feel less confused.
The orc priest hits you from afar with a +0 trident.
The orc hits you but does no damage. You block the orc's attack.
The orc priest closely misses you.
You barely miss the orc.
The orc is severely wounded.
The orc priest barely misses you. The orc hits you but does no damage.
You hit the orc.
The orc is almost dead.
The orc priest looks encouraged for a moment.
The orc hits you with a +0 short sword.
You slash the orc!
You kill the orc!
The orc priest hits you but does no damage.
The orc priest hits you from afar with a +0 trident.
Unknown command.
The orc priest mumbles some strange prayers to Beogh against you.
Pain shoots through your body!
Things that are here:
a +0 short sword; 3 boomerangs; an orc corpse You closely miss the orc priest.
The orc priest is moderately wounded.
The orc priest completely misses you.
You barely miss the orc priest.
The orc priest is moderately wounded.
The orc priest hits you with a +0 trident!
* * * LOW HITPOINT WARNING * * *
You block the orc priest's attack.
You hit the orc priest.
The orc priest is heavily wounded.
The orc priest invokes the aid of Beogh against you.
Beogh smites you!
You die...

#.....#.#####.#..#
#.##....# .#..# #.
#>#### #..# . #.
###..# # #....#
#.##.# #.# .# #)#
.# #@# .# #o# .#
.o# .# .... .#
#####


You could see an orc priest and an orc.

Vanquished Creatures
  An orc wizard (D:3)
  An adder (D:3)
  A dart slug (D:1)
  2 orcs (D:3)
  7 bats
  2 endoplasms (D:1)
  A giant cockroach (D:1)
  7 goblins (D:1)
  7 hobgoblins
  2 kobolds (D:1)
  2 quokkas (D:1)
  4 frilled lizards (D:1)
  3 rats
40 creatures vanquished.

Notes
Turn   | Place    | Note
-------+----------+-------------------------------------------
     0 | D:1      | lonewolfV2 the Formicid Fighter began the quest for the
                  | Orb.
     0 | D:1      | Reached XP level 1. HP: 18/18 MP: 1/1
    21 | D:1      | Found Firip's Jewellery Boutique.
    45 | D:1      | Reached XP level 2. HP: 24/24 MP: 2/2
   450 | D:1      | Reached XP level 3. HP: 24/29 MP: 3/3
  1017 | D:2      | Identified the +0 ring mail of Insurance {Regen+ Str+3}
  1219 | D:2      | You fall into a shaft and drop 1 floor!
  1256 | D:3      | Reached skill level 1 in Dodging
  1256 | D:3      | Reached XP level 4. HP: 37/37 MP: 4/4
  1343 | D:3      | Killed from afar by an orc priest

Illustrated notes

Levels and vault maps discovered:
D:1:      amcnicky_arrival_underground_garden, layout_basic, serial_shops, shop
D:2:      layout_basic, kennysheep_generic_room_8
D:3:      layout_loops_ring, nicolae_uskayaw_murder_on_the_dancefloor,
          serial_shops, shop_statue, uniq_natasha, uniq_ijyb,
          uniq_crazy_yiuf_cottage

Skill      XL: |  1  2  3  4 |
---------------+-------------+-----
Dodging        | 1 |  1.0
Armour         | 4 |  4.0
Fighting       | |  3.6
Axes           | |  2.6
Shields        | |  4.8

Action                     |  1- 3 |  4- 6 || total
---------------------------+-------+-------++-------
  Melee: War axe           |   101 |    18 ||   119
    Use: Scroll            |     6 |       ||     6
         Potion            |       |     1 ||     1
 Armour: Scale mail        |    71 |       ||    71
         Ring mail         |     3 |     5 ||     8
  Dodge: Dodged            |    86 |     8 ||    94
  Block: Buckler           |    42 |     4 ||    46
